 Dungeon Crawl Stone Soup version 0.31-a0-986-g5e6e4ef867 (webtiles) character file.

Game seed: 3332647375308603171

266268 mandarbmax the Unseen (level 19, -4/100 (104) HPs)
             Began as a Vine Stalker Brigand on Nov 9, 2023.
             Was a Priest of Sif Muna.
             Killed from afar by a crystal guardian (11 damage)
             ... with a crystal bolt
             ... led by a peacekeeper
             ... on level 2 of the Vaults.
             The game lasted 01:44:16 (33217 turns).

mandarbmax the Unseen (Vine Stalker Brigand)       Turns: 33217, Time: 01:44:17

HP:   -4/100 (104)  AC: 18    Str: 15    XL:     19   Next: 59%
MP:   0/39          EV: 27    Int: 11    God:    Sif Muna [***...]
Gold: 1616          SH: 21    Dex: 39    Spells: 18/18 levels left

rFire   . . .        k - +8 rapier (speed)
rCold   . . .        S - +5 kite shield {AC+3}
rNeg    . . .        m - +1 leather armour "Kokog" {+Inv MP+9}
rPois   .            q - +2 helmet
rElec   .            x - +1 cloak of Lesser Demons {Dex+4}
rCorr   .            z - +2 pair of gloves {hurl}
SInv    .            o - +0 pair of boots of the Known World {Stlth+}
Will    +....        W - amulet of faith
Stlth   +++++++++    Q - +6 ring of dexterity
HPRegen 1.16/turn    V - +6 ring of dexterity
MPRegen 0.26/turn

%: guardian spirit, faith
@: weak-willed, very slightly contaminated, lightly drained
A: fangs 3, regeneration 1, magic shield, antimagic bite, no potion heal 2
}: 3/15 runes: serpentine, barnacled, abyssal
a: Renounce Religion, Evoke Invisibility, Channel Magic, Forget Spell


You were on level 2 of the Vaults.
You worshipped Sif Muna.
Sif Muna was most pleased with you.
You visited 6 branches of the dungeon, and saw 32 of its levels.
You visited the Abyss 1 time.
You also visited: Bailey.

You collected 2941 gold pieces.
You spent 1325 gold pieces at shops.

Inventory:

Hand Weapons
 k - a +8 rapier of speed (weapon)
Missiles
 d - 31 poisoned darts (quivered)
 e - 9 curare-tipped darts
 s - a throwing net
 O - 5 atropa-tipped darts
Armour
 a - the +0 scale mail of Riocseann {rN+ Slay+3 Stlth+}
   (You found it on level 2 of the Shoals)

   Slay+3:    It affects your accuracy & damage with ranged weapons and melee
   (+3).
   rN+:       It protects you from negative energy.
   Stlth+:    It makes you more stealthy.
 m - the +1 leather armour "Kokog" (worn) {+Inv MP+9}
   (You found it on level 9 of the Dungeon)

   MP+9:      It affects your magic capacity (+9).
   +Inv:      It lets you turn invisible.
 o - the +0 pair of boots of the Known World (worn) {Stlth+}
   (You found it in a bailey)

   Stlth+:    It makes you more stealthy.
 q - a +2 helmet (worn)
 x - the +1 cloak of Lesser Demons (worn) {Dex+4}
   (You acquired it on level 3 of the Dungeon)

   Dex+4:     It affects your dexterity (+4).
 z - a +2 pair of gloves of hurling (worn)
 S - a +5 kite shield of protection (worn)
Jewellery
 f - a ring of flight
 j - the ring of Fenittou {AC+4 Str+5}
   (You found it on level 4 of the Shoals)

   [ring of protection]

   AC+4:      It affects your AC (+4).
   Str+5:     It affects your strength (+5).
 l - an amulet of reflection
 N - the ring "Lefanuhigo" {rC+ Slay+3 SInv}
   (You found it on level 4 of the Snake Pit)

   [ring of see invisible]

   Slay+3:    It affects your accuracy & damage with ranged weapons and melee
   (+3).
   rC+:       It protects you from cold.
   SInv:      It lets you see invisible.
 P - a ring of protection from fire
 Q - a +6 ring of dexterity (left hand)
 V - a +6 ring of dexterity (right hand)
 W - an amulet of faith (around neck)
Wands
 v - a wand of paralysis (13)
 D - a wand of flame (2)
 R - a wand of digging (11)
 U - a wand of polymorph (16)
Scrolls
 b - 2 scrolls of blinking
 c - 5 scrolls of fog
 h - 3 scrolls of brand weapon
 r - 4 scrolls of revelation
 w - 2 scrolls of vulnerability
 y - 4 scrolls of teleportation
 C - 2 scrolls of silence
 G - 5 scrolls of poison
 I - 2 scrolls of enchant armour
 M - 3 scrolls of torment
 T - 5 scrolls of fear
Potions
 g - 4 potions of lignification
 i - 4 potions of enlightenment
 p - 7 potions of attraction
 t - 6 potions of might
 u - 6 potions of brilliance
 A - a potion of ambrosia
 B - 3 potions of resistance
 E - a potion of curing
 F - 6 potions of mutation
 H - 7 potions of haste
 J - a potion of berserk rage
 K - 4 potions of magic
 Y - 2 potions of cancellation
Miscellaneous
 n - a lightning rod (3/4)
 L - a phial of floods
 X - a tin of tremorstones (1/2)


   Skills:
 + Level 13.0 Fighting
 - Level 14.0 Short Blades
 - Level 1.7 Throwing
 - Level 8.0 Armour
 + Level 11.9 Dodging
 + Level 18.0 Stealth
 + Level 7.9 Shields
 + Level 13.4 Invocations
 + Level 11.5 Evocations


You had 18 spell levels left.
You didn't know any spells.
Your spell library contained the following spells:

 Spells                   Type           Power      Damage    Failure   Level
 Apportation              Tloc           0%         N/A       71%         1
 Foxfire                  Conj/Fire      0%         2x1d4     71%         1
 Freeze                   Ice            0%         1d3       71%         1
 Kiss of Death            Conj/Necr      0%         2d5       71%         1
 Magic Dart               Conj           0%         1d3       71%         1
 Necrotise                Necr           0%         1d4       71%         1
 Sting                    Tmut/Pois      0%         1d3       71%         1
 Summon Small Mammal      Summ           0%         N/A       71%         1
 Blink                    Tloc           0%         N/A       85%         2
 Cigotuvi's Dreadful Rot  Necr/Pois/Air  0%         N/A       85%         2
 Ensorcelled Hibernation  Hex/Ice        0%         N/A       85%         2
 Jinxbite                 Hex            0%         N/A       85%         2
 Lesser Beckoning         Tloc           0%         N/A       85%         2
 Momentum Strike          Conj/Tloc      0%         3d8       85%         2
 Poisonous Vapours        Pois/Air       0%         N/A       85%         2
 Scorch                   Fire           0%         2d5       85%         2
 Searing Ray              Conj           0%         2d4       85%         2
 Static Discharge         Conj/Air       0%         3-3/arc   85%         2
 Sublimation of Blood     Necr           0%         N/A       85%         2
 Wereblood                Tmut           0%         N/A       85%         2
 Dazzling Flash           Conj/Hex       0%         N/A       97%         3
 Gell's Gravitas          Tloc           0%         N/A       97%         3
 Hailstorm                Conj/Ice       0%         3d3       97%         3
 Ignite Poison            Fire/Tmut/Pois 0%         N/A       97%         3
 Mephitic Cloud           Conj/Pois/Air  0%         N/A       97%         3
 Sigil of Binding         Hex            0%         N/A       97%         3
 Teleport Other           Tloc           0%         N/A       97%         3
 Tukima's Dance           Hex            0%         N/A       97%         3
 Airstrike                Air            0%         2d(0-16)  100%        4
 Anguish                  Hex/Necr       0%         N/A       100%        4
 Animate Armour           Summ/Erth      0%         N/A       100%        4
 Brom's Barrelling Bould  Conj/Erth      0%         2d3       100%        4
 Dispel Undead            Necr           0%         3d6       100%        4
 Flame Wave               Conj/Fire      0%         2d4       100%        4
 Iskenderun's Mystic Bla  Conj/Tloc      0%         2d3       100%        4
 Leda's Liquefaction      Hex/Erth       0%         N/A       100%        4
 Manifold Assault         Tloc           0%         N/A       100%        4
 Passage of Golubria      Tloc           0%         N/A       100%        4
 Summon Ice Beast         Ice/Summ       0%         N/A       100%        4
 Summon Lightning Spire   Summ/Air       0%         N/A       100%        4
 Vhi's Electric Charge    Tloc/Air       0%         N/A       100%        4
 Arcjolt                  Conj/Air       0%         1d10      100%        5
 Fireball                 Conj/Fire      0%         3d3       100%        5
 Freezing Cloud           Conj/Ice/Air   0%         6-21      100%        5
 Iskenderun's Battlesphe  Conj           0%         2d6       100%        5
 Lee's Rapid Deconstruct  Erth           0%         3d4*      100%        5
 Silence                  Hex/Air        0%         N/A       100%        5
 Summon Forest            Summ/Tloc      0%         N/A       100%        5
 Yara's Violent Unravell  Hex/Tmut       0%         3d3       100%        5
 Bombard                  Conj/Erth      0%         9d1       100%        6
 Conjure Ball Lightning   Conj/Air       0%         3x3d6     100%        6
 Death Channel            Necr           0%         N/A       100%        6
 Eringya's Noxious Bog    Tmut/Pois      0%         4d6       100%        6
 Simulacrum               Ice/Necr       0%         N/A       100%        6
 Summon Cactus Giant      Summ           0%         N/A       100%        6
 Orb of Destruction       Conj           0%         9d5       100%        7
 Summon Hydra             Summ           0%         N/A       100%        7
 Lehudib's Crystal Spear  Conj/Erth      0%         10d2      100%        8
 Maxwell's Capacitive Co  Air            0%         ∞         100%        8


Dungeon Overview and Level Annotations

Branches:
Dungeon (15/15)            Temple (0/1) D:6            Lair (5/5) D:10
 Shoals (4/4) Lair:3        Snake (4/4) Lair:2        Slime (0/5) Lair:4
    Orc (2/2) D:9             Elf (0/3) Orc:2        Vaults (2/5) D:13
  Crypt (0/3) Vaults:2     Depths (0/4) D:15         Bailey (visited)

Altars:
Ashenzari
Dithmenos
Elyvilon
Fedhas
Gozag
Hepliaklqana
Kikubaaqudgha
Makhleb
Okawaru
Qazlal
Sif Muna
Uskayaw
Wu Jian
Xom
Yredelemnul
Zin
The Shining One

Shops:
D:10 [(   Orc:2 *![   Shoals:3 (   Vaults:1 :

Annotations:
D:3 exclusion: oklob plant
D:6 1 runed translucent door, Crazy Yiuf


Innate Abilities, Weirdness & Mutations

You have razor-sharp teeth.
Your natural rate of healing is unusually fast.
When hurt, damage is shared between your health and your magic reserves.
Your bite disrupts and absorbs the magic of your enemies.
Potions cannot restore your health.


Message History

The ironbound thunderhulk is poisoned.
The ironbound thunderhulk is almost dead.
The peacekeeper bites your four-headed hydra!!
The peacekeeper claws your four-headed hydra!
Your four-headed hydra bites the peacekeeper!
Your four-headed hydra bites the peacekeeper but does no damage. x3
The peacekeeper hurls a volley of spikes at you.
The volley of spikes hits your four-headed hydra!!
Your four-headed hydra dies!
Your four-headed hydra's corpse disappears in a puff of smoke!
Electricity crackles from the ironbound thunderhulk's apparatus.
The bolt of lightning hits you!!
* * * LOW HITPOINT WARNING * * *
Magic courses through your body.
Unknown command.
Okay, then.
Okay, then.
Okay, then.
Aiming: Paralyse
Press: ? - help, Shift-Dir - straight line, f/p - ironbound thunderhulk
Aim: an ironbound thunderhulk, wielding a +0 great mace and wearing a +0 animal skin (almost dead, poisoned, chance to affect: 57%)
Okay, then.
Okay, then.
Okay, then.
Okay, then.
You impale the peacekeeper!!
You bite the peacekeeper, but do no damage.
The peacekeeper is almost destroyed.
You block the peacekeeper's attack. The peacekeeper completely misses you.
You puncture the peacekeeper!
You destroy the peacekeeper!
Sif Muna accepts your kill.
You feel less invigorated.
You block the ironbound thunderhulk's attack.
You impale the ironbound thunderhulk!!
You kill the ironbound thunderhulk!
Sif Muna accepts your kill.
The crystal guardian fires a crystalline bolt at you.
The crystal bolt freezes you!!!
You die...

....... .#
#...#. .#
..... .#
...#...#.#
.........#
#)# ##9##
#...#
#@<.#
##)..##
##.#.#.##
#.†.#(..#
#...#...#
#...#...#
##.#.#(##
##...##
#...#


You could see a crystal guardian (strong).

Vanquished Creatures
  The ghost of mandarbmax the Fencer, an adept DrMo of Okawaru (Snake:4)
  A sphinx (Vaults:1)
  Roxanne (Shoals:2)
  Ilsuiw (Shoals:2)
  3 nagarajas
  A revenant (Vaults:2)
  A vault warden (Vaults:1)
  Louise (D:14)
  A cacodemon (Abyss:3)
  3 ironbound preservers (Vaults:1)
  An angel (Abyss:4)
  A very ugly thing (Abyss:3)
  A war gargoyle (Vaults:2)
  Nessos (Lair:4)
  3 ironbound thunderhulks
  Snorg (D:13)
  6 ettins (Abyss:4)
  An entropy weaver (Vaults:2)
  10 merfolk impalers
  8 merfolk javelineers
  Josephine (Lair:4)
  2 vault guards
  3 fire dragons
  2 ogre magi (D:15)
  9 hydras
  An ice dragon (D:15)
  A rakshasa (D:15)
  5 salamander tyrants
  A peacekeeper (Vaults:2)
  5 ironbound frosthearts (Vaults:1)
  A catoblepas (Lair:3)
  3 satyrs
  7 centaur warriors
  11 anacondas
  2 death knights
  7 boulder beetles
  4 merfolk aquamancers
  5 merfolk avatars
  9 naga warriors
  A death yak (Lair:2)
  13 two-headed ogres
  A tengu warrior (D:14)
  9 naga sharpshooters
  12 shock serpents
  A thrashing horror (Abyss:4)
  2 skeletal warriors
  2 skysharks
  A sixfirhy (Abyss:3)
  5 salamander mystics (Snake:4)
  A spatial maelstrom (Abyss:4)
  A flayed ghost (Abyss:4)
  A shadow wraith (Abyss:4)
  4 naga ritualists
  5 deep trolls (Vaults:1)
  14 sea snakes
  4 ironbound convokers
  2 arcanists
  3 lindwurms (Snake:4)
  A deep elf pyromancer (D:15)
  A swamp dragon (Lair:5)
  20 harpies
  An oklob plant (Orc:1)
  14 mana vipers
  5 orc knights
  3 ugly things (Vaults:1)
  2 orc sorcerers
  28 fauns
  9 manticores
  18 elephants
  A large abomination (Abyss:4)
  5 cyclopes
  16 salamanders
  The ghost of FakeRyeBread the Cudgeller, a novice GrFi (D:5)
  16 merfolk sirens
  19 naga magi
  20 black mambas
  3 torpor snails (Lair:2)
  2 water nymphs
  2 vault sentinels (Vaults:1)
  11 guardian serpents
  13 cane toads
  2 unseen horrors (D:12)
  2 efreet
  8 komodo dragons
  Jeremiah (D:6)
  5 yaktaurs (D:15)
  6 rime drakes
  2 freezing wraiths
  A kobold demonologist (D:11)
  A burning bush (Lair:2)
  8 wind drakes
  8 trolls
  29 merfolk
  A silent spectre (Abyss:4)
  3 polar bears
  2 hornets
  18 blink frogs
  A glass eye (Abyss:4)
  7 snapping turtles
  23 slime creatures
  An ettin skeleton (Abyss:4)
  2 vampires
  2 wyverns
  8 water elementals
  12 wraiths
  3 basilisks
  2 humans (D:13)
  A small abomination (Abyss:4)
  38 yaks
  A neqoxec (Abyss:3)
  The ghost of Xavori the Trooper, an amateur DjCK of Xom (D:3)
  3 steam dragons
  3 wargs
  A spatial vortex (Abyss:4)
  4 vampire mosquitoes
  2 acid dragons
  34 nagas
  12 water moccasins
  33 orc warriors
  3 swamp drakes (Lair:5)
  3 black bears
  5 ogres
  14 wolves
  22 centaurs
  2 phantoms
  2 wyvern zombies (D:5)
  A kobold brigand (D:10)
  13 bullfrogs
  2 gnoll sergeants
  5 scorpions
  3 wights (D:9)
  21 killer bees
  4 vampire bats (Bailey)
  5 howler monkeys
  6 wolf zombies (Bailey)
  4 crimson imps (D:4)
  3 hounds
  A bullfrog skeleton (D:5)
  5 jellies
  14 orc priests
  A sleepcap (D:8)
  3 iguanas
  26 orc wizards
  A scorpion simulacrum (D:3)
  Robin (D:2)
  16 gnolls
  5 adders
  A hound simulacrum (D:3)
  A shadow imp (D:5)
  A white imp (D:3)
  2 ufetubi (D:7)
  3 worms
  An adder simulacrum (D:3)
  3 dart slugs
  59 orcs
  5 ball pythons
  8 endoplasms
  A giant cockroach (D:2)
  8 hobgoblins
  2 jackals (D:5)
  A quokka (D:3)
  2 ball python simulacra (D:3)
  8 bats
  4 frilled lizards
  15 goblins
  13 kobolds
  18 orc zombies (Bailey)
  2 quokka simulacra (D:3)
  4 rats
1063 creatures vanquished.

Vanquished Creatures (collateral kills)
  A satyr (Shoals:3)
  An orc knight (Orc:2)
  A phantasmal warrior (Vaults:2)
  A faun (Shoals:3)
  A troll (D:9)
  A snapping turtle (Shoals:3)
  3 yaks (D:10)
  2 basilisks (Lair:5)
  A steam dragon (Lair:5)
  A warg (Orc:2)
  An acid dragon (D:10)
  A swamp drake (Lair:5)
  An orc warrior (Orc:2)
  An ogre (D:9)
  A kobold brigand (D:9)
  3 killer bees
  A vampire bat (Bailey)
  An electric eel (Lair:5)
  An orc wizard (D:10)
  A gnoll (D:9)
  6 orcs
31 creatures vanquished.

Vanquished Creatures (others)
  A faun (Shoals:2)
  A large abomination (Abyss:3)
  A naga (Lair:2)
  A black bear (D:10)
  An orc warrior (Orc:2)
  A centaur (Orc:2)
  A killer bee (D:9)
  2 orc wizards (Orc:1)
  A gnoll (D:9)
  3 orcs (Orc:2)
  A jackal (D:5)
  A goblin (D:9)
  A snaplasher vine (Lair:5)
  4 tentacles (Shoals:3)
20 creatures vanquished.

Grand Total: 1114 creatures vanquished

Notes
Turn   | Place    | Note
-------+----------+-------------------------------------------
     0 | D:1      | mandarbmax the Vine Stalker Brigand began the quest for the
                  | Orb.
     0 | D:1      | Reached XP level 1. HP: 11/11 MP: 2/2
   256 | D:1      | Reached skill level 1 in Dodging
   256 | D:1      | Reached XP level 2. HP: 15/15 MP: 3/3
   371 | D:1      | Found a faded altar of an unknown god.
   375 | D:1      | Reached skill level 5 in Stealth
   851 | D:2      | Reached XP level 3. HP: 18/18 MP: 2/4
  1129 | D:2      | Reached XP level 4. HP: 23/23 MP: 5/5
  1135 | D:2      | Noticed Robin
  1159 | D:2      | Killed Robin
  1379 | D:2      | Found a shadowy altar of Dithmenos.
  1477 | D:3      | Reached XP level 5. HP: 27/27 MP: 6/6
  1566 | D:3      | Found an ornate altar of the Wu Jian Council.
  1627 | D:3      | Found a runed translucent gate.
  1627 | D:3      | Found a runed translucent gate.
  1627 | D:3      | Found a runed translucent gate.
  1756 | D:3      | Noticed Xavori's ghost (amateur DjCK)
  1863 | D:3      | Found a blossoming altar of Fedhas.
  1878 | D:3      | Noticed an oklob plant
  2000 | D:3      | Identified 2 scrolls of acquirement
  2000 | D:3      | Acquired the +1 cloak of Lesser Demons {Dex+4}
  2002 | D:3      | Acquired a +2 rapier of speed
  2013 | D:3      | Killed Xavori's ghost
  2014 | D:3      | Reached skill level 6 in Stealth
  2014 | D:3      | Reached XP level 6. HP: 29/32 MP: 5/7
  2172 | D:4      | Found a basalt altar of Yredelemnul.
  2173 | D:4      | Found a hazy altar of Hepliaklqana.
  2178 | D:4      | Found an opulent altar of Gozag.
  2179 | D:4      | Found a broken altar of Ashenzari.
  2179 | D:4      | Found a shimmering blue altar of Sif Muna.
  2179 | D:4      | Found an iron altar of Okawaru.
  2180 | D:4      | Found a hide-covered altar of Uskayaw.
  2182 | D:4      | Found an ancient bone altar of Kikubaaqudgha.
  2184 | D:4      | Found a white marble altar of Elyvilon.
  2187 | D:4      | Became a worshipper of Sif Muna the Loreminder
  2252 | D:4      | Found a shimmering altar of Xom.
  2378 | D:4      | Reached XP level 7. HP: 36/36 MP: 8/8
  2455 | D:4      | Reached skill level 1 in Invocations
  2818 | D:5      | Entered Level 5 of the Dungeon
  2953 | D:5      | Reached skill level 5 in Short Blades
  2979 | D:5      | Found a runed translucent gate.
  2980 | D:5      | Found a runed translucent gate.
  3067 | D:5      | Gained mutation: You have razor-sharp teeth. [Vine Stalker
                  | growth]
  3067 | D:5      | Reached XP level 8. HP: 28/42 MP: 7/10
  3104 | D:5      | Reached skill level 7 in Stealth
  3164 | D:5      | Found a runed translucent gate.
  3166 | D:5      | Noticed FakeRyeBread's ghost (novice GrFi)
  3285 | D:5      | Reached * piety under Sif Muna
  3308 | D:5      | Found a burning altar of Makhleb.
  3328 | D:5      | Noticed a green death
  3331 | D:5      | Noticed a smoke demon
  3379 | D:5      | Killed FakeRyeBread's ghost
  3380 | D:5      | Reached skill level 1 in Armour
  3436 | D:6      | Reached XP level 9. HP: 39/46 MP: 9/12
  3720 | D:6      | Found a shadowy altar of Dithmenos.
  3782 | D:6      | Found a staircase to the Ecumenical Temple.
  3986 | D:6      | Noticed Jeremiah
  4059 | D:6      | Killed Jeremiah
  4060 | D:6      | Reached skill level 8 in Stealth
  4129 | D:6      | Found a runed translucent door.
  4130 | D:6      | Noticed Crazy Yiuf
  4598 | D:7      | Reached skill level 5 in Fighting
  5379 | D:8      | Noticed a troll
  5386 | D:8      | Killed a troll
  5509 | D:8      | Noticed a hornet
  5512 | D:8      | Reached XP level 10. HP: 51/51 MP: 14/14
  5521 | D:8      | Paralysed by a hornet for 2 turns
  5534 | D:8      | Paralysed by a hornet for 1 turns
  5547 | D:8      | Reached ** piety under Sif Muna
  5770 | D:8      | Found a glowing silver altar of Zin.
  6150 | D:9      | Identified the +1 leather armour "Kokog" {+Inv MP+9}
  6176 | D:9      | Reached skill level 9 in Stealth
  6178 | D:9      | Found a flagged portal.
  6208 | Bailey   | Entered a bailey
  6256 | Bailey   | Noticed a gargoyle
  6299 | Bailey   | Found the +3 Mad Mage's Maulers {Infuse+∞ VampMP -Cast}
  6300 | Bailey   | Identified the +5 great sword "Hiuhian" {antimagic, Str+6
                  | Dex+3}
  6302 | Bailey   | Identified the +0 pair of boots of the Known World {Stlth+}
  6540 | Bailey   | Reached skill level 5 in Invocations
  6666 | Bailey   | Reached *** piety under Sif Muna
  6963 | Bailey   | Identified the +0 scale mail "Locabelu" {rC+ Str+2 SInv}
  7202 | D:9      | Reached skill level 1 in Evocations
  7382 | D:9      | Reached skill level 5 in Dodging
  7541 | D:9      | Found a staircase to the Orcish Mines.
  7888 | D:9      | Found a stormy altar of Qazlal.
  8707 | D:10     | Entered Level 10 of the Dungeon
  8739 | D:10     | Found Zonifigu's Antique Weapon Emporium.
  8747 | D:10     | Reached XP level 11. HP: 52/56 MP: 0/16
  8822 | D:10     | Found a staircase to the Lair.
  8826 | D:10     | Reached **** piety under Sif Muna
  9192 | D:10     | Found Hyum's Armour Shoppe.
 10208 | D:11     | Reached skill level 10 in Stealth
 10395 | D:11     | Noticed a two-headed ogre
 10402 | D:11     | Killed a two-headed ogre
 10657 | D:11     | Noticed a two-headed ogre
 10663 | D:11     | Killed a two-headed ogre
 10944 | D:11     | Noticed a boulder beetle
 10951 | D:11     | Killed a boulder beetle
 11098 | D:11     | Noticed a cyclops
 11105 | D:11     | Killed a cyclops
 12122 | D:12     | Reached skill level 5 in Armour
 12122 | D:12     | Reached XP level 12. HP: 52/53 MP: 5/17
 12468 | D:12     | Noticed a seven-headed hydra
 12471 | D:12     | Killed a seven-headed hydra
 13173 | D:13     | Reached skill level 10 in Short Blades
 13325 | D:13     | Noticed a boulder beetle
 13347 | D:13     | Killed a boulder beetle
 13489 | D:10     | Bought a +2 pair of gloves of hurling for 365 gold pieces
 13599 | Lair:1   | Entered Level 1 of the Lair of Beasts
 13642 | Lair:1   | Reached skill level 11 in Stealth
 13747 | Lair:1   | Reached ***** piety under Sif Muna
 14001 | Lair:1   | You fall into a shaft and drop 1 floor!
 14001 | Lair:2   | Noticed a death yak
 14004 | Lair:2   | Killed a death yak
 14026 | Lair:2   | Reached XP level 13. HP: 63/64 MP: 19/19
 14047 | Lair:2   | Reached skill level 5 in Evocations
 14502 | Lair:2   | Found a staircase to the Snake Pit.
 14989 | Lair:3   | Found a hide-covered altar of Uskayaw.
 15056 | Lair:3   | Identified the "Naehas" (Sif Muna gifted it to you on
                  | level 3 of the Lair of Beasts)
 15056 | Lair:3   | Received a gift from Sif Muna
 15203 | Lair:3   | Found a staircase to the Shoals.
 15349 | Lair:3   | Reached skill level 12 in Stealth
 16273 | Lair:4   | Found a staircase to the Slime Pits.
 16285 | Lair:4   | Reached XP level 14. HP: 68/71 MP: 21/21
 16343 | Lair:4   | Found an iron altar of Okawaru.
 16363 | Lair:4   | Noticed Josephine
 16377 | Lair:4   | Killed Josephine
 16584 | Lair:4   | Noticed Nessos
 16596 | Lair:4   | Killed Nessos
 16596 | Lair:4   | Identified the of Fuumu (Sif Muna gifted it to you on
                  | level 4 of the Lair of Beasts)
 16596 | Lair:4   | Received a gift from Sif Muna
 16778 | Lair:5   | Entered Level 5 of the Lair of Beasts
 17460 | Lair:5   | Reached skill level 13 in Stealth
 17776 | Orc:1    | Entered Level 1 of the Orcish Mines
 18367 | Orc:2    | Entered Level 2 of the Orcish Mines
 18385 | Orc:2    | Identified the of Nimauwyn (Sif Muna gifted it to you on
                  | level 2 of the Orcish Mines)
 18385 | Orc:2    | Received a gift from Sif Muna
 18497 | Orc:2    | Found Buciaruc's Distillery.
 18497 | Orc:2    | Found Sifing's Antique Armour Boutique.
 18513 | Orc:2    | Found Sengiuh's General Store.
 18519 | Orc:2    | Found Beutwuatux's Antique Armour Shop.
 18543 | Orc:2    | Bought a potion of lignification for 39 gold pieces
 18545 | Orc:2    | Bought a potion of haste for 140 gold pieces
 18645 | Orc:2    | Reached XP level 15. HP: 79/79 MP: 22/22
 18796 | Orc:2    | Found a staircase to the Elven Halls.
 19215 | Orc:2    | Bought a +6 ring of dexterity for 504 gold pieces
 19221 | Orc:2    | Bought a pair of glowing gloves for 277 gold pieces
 19820 | D:13     | Reached skill level 1 in Shields
 19837 | D:13     | Found a gate to the Vaults.
 19913 | D:13     | Identified the "Likiugh" (Sif Muna gifted it to you on
                  | level 13 of the Dungeon)
 19913 | D:13     | Received a gift from Sif Muna
 19940 | D:13     | Noticed Snorg
 19947 | D:13     | Killed Snorg
 20075 | D:14     | Noticed Louise
 20080 | D:14     | Killed Louise
 20343 | D:14     | Found a glowing golden altar of the Shining One.
 20562 | D:15     | Entered Level 15 of the Dungeon
 20752 | D:15     | Paralysed by an ogre mage for 3 turns
 20998 | D:15     | Found a hide-covered altar of Uskayaw.
 21163 | D:15     | Reached skill level 10 in Invocations
 21304 | D:15     | Found a staircase to the Depths.
 21364 | D:15     | Reached skill level 14 in Stealth
 21367 | D:15     | Reached skill level 10 in Fighting
 21375 | D:15     | Reached XP level 16. HP: 64/71 MP: 24/24
 21681 | Shoals:1 | Entered Level 1 of the Shoals
 21883 | Shoals:1 | Identified the +1 robe "Poapin" {+Inv rC+ MP+9 Dex-5}
 22478 | Shoals:2 | Noticed Roxanne
 22499 | Shoals:2 | Killed Roxanne
 22654 | Shoals:2 | Noticed Ilsuiw
 22669 | Shoals:2 | Killed Ilsuiw
 23105 | Shoals:2 | Identified the +0 scale mail of Riocseann {rN+ Slay+3
                  | Stlth+}
 23863 | Shoals:3 | Reached skill level 15 in Stealth
 23884 | Shoals:3 | Reached skill level 5 in Shields
 24018 | Shoals:3 | Reached XP level 17. HP: 70/87 MP: 26/26
 24355 | Shoals:3 | Found Cefen's Weapon Boutique.
 24385 | Shoals:3 | Noticed a kraken
 24838 | Shoals:3 | Reached skill level 10 in Dodging
 25080 | Snake:1  | Entered Level 1 of the Snake Pit
 26918 | Snake:3  | Reached skill level 16 in Stealth
 27853 | Snake:4  | Entered Level 4 of the Snake Pit
 27859 | Snake:4  | Found a runed translucent door.
 27859 | Snake:4  | Noticed mandarbmax's ghost (adept DrMo)
 27900 | Snake:4  | Killed mandarbmax's ghost
 27901 | Snake:4  | Reached skill level 10 in Evocations
 27967 | Snake:4  | Reached XP level 18. HP: 57/97 MP: 28/28
 28124 | Snake:4  | Identified the ring "Lefanuhigo" {rC+ Slay+3 SInv}
 30017 | Snake:4  | Reached skill level 17 in Stealth
 30048 | Snake:4  | Got a serpentine rune of Zot
 30425 | Shoals:4 | Identified the "Feawothre"
 30425 | Shoals:4 | Entered Level 4 of the Shoals
 30590 | Shoals:4 | Identified the ring of Fenittou {AC+4 Str+5}
 31132 | Shoals:4 | Identified the "Hosef" (Sif Muna gifted it to you on level
                  | 4 of the Shoals)
 31132 | Shoals:4 | Received a gift from Sif Muna
 31156 | Shoals:4 | Got a barnacled rune of Zot
 31294 | Abyss:2  | Found a corrupted altar of Lugonu.
 31294 | Abyss:2  | Cast into level 2 of the Abyss (merfolk impaler)
 31313 | Abyss:3  | Found a corrupted altar of Lugonu.
 31318 | Abyss:3  | Found a corrupted altar of Lugonu.
 31385 | Abyss:4  | Found a corrupted altar of Lugonu.
 31426 | Abyss:4  | Reached XP level 19. HP: 86/97 MP: 29/29
 31511 | Abyss:4  | Got an abyssal rune of Zot
 31520 | Abyss:4  | Noticed a bone dragon
 31559 | Shoals:4 | Escaped the Abyss
 31944 | Vaults:1 | Entered Level 1 of the Vaults
 32392 | Vaults:1 | Identified the of Ewek (Sif Muna gifted it to you on level
                  | 1 of the Vaults)
 32392 | Vaults:1 | Received a gift from Sif Muna
 32420 | Vaults:1 | Found Vusann's Book Shop.
 33136 | Vaults:2 | Reached skill level 18 in Stealth
 33163 | Vaults:2 | Found a staircase to the Crypt.
 33212 | Vaults:2 | HP: 3/99 [ironbound thunderhulk/bolt of lightning (21)]
 33217 | Vaults:2 | Killed from afar by a crystal guardian

Illustrated notes

Levels and vault maps discovered:
D:1:      shiori_arrival_maze, layout_basic, basic_ecumenical_altar
D:2:      layout_basic, basic_altar, uniq_robin
D:3:      layout_rooms, mainiacjoe_overflow_six_doors_small, tgw_fedhas,
          gammafunk_ghost_icy, kennysheep_generic_room_13
D:4:      layout_basic, led_xom_imps, minitemple
D:5:      layout_gridville, makhleb_altar_promises_db,
          gammafunk_ghost_necromancy
D:6:      layout_loops_ring, grunt_dithmenos_smoke, minmay_temple_entry_glass,
          serial_rivers, chequers_serial_rivers_large_b,
          chequers_serial_rivers_micro_b, chequers_serial_rivers_small_b,
          chequers_serial_rivers_small_b, chequers_serial_rivers_marsh,
          kennysheep_flooded_box, hangedman_decor_riveting, st_stairs_6,
          uniq_crazy_yiuf_cottage, uniq_jeremiah
D:7:      layout_basic
D:8:      layout_basic, mainiacjoe_overflow_24_doors
D:9:      layout_loops_ring, lemuel_round_altar,
          kennysheep_orc_monster_closet_entryway, enter_bailey_5
D:10:     layout_basic, due_lair_maze_entry_diamond, serial_shops,
          nicolae_shop_peninsula, shop
D:11:     layout_loops_corners
D:12:     layout_rooms
D:13:     layout_basic, hellmonk_vaults_keyhole, uniq_snorg
D:14:     layout_cave_pools, dk_noncrumbling_4, tso_metal_star, uniq_louise
D:15:     grunt_enter_depths_hoard, layout_irregular_city,
          dancing_weapons_uskayaw
Lair:1:   layout_regular_city, beast_lair_carwin_9, infiniplex_staircase_pool,
          lemuel_fruit_tree
Lair:2:   layout_roguey, minmay_snake_entry_guardpost_medium,
          serial_bayou_pond_d, evilmike_ambush [evilmike_ambush_outer_basic,
          evilmike_ambush_inner_basic]
Lair:3:   layout_chaotic_city, minmay_shoals_entry_lonely_mermaid, basic_altar
Lair:4:   layout_long_grid, minmay_slime_entry_pillars, lemuel_altar_in_water2,
          pdpol_lair_neglected_garden, uniq_josephine, uniq_nessos
Lair:5:   guppyfry_lair_end_dragon, layout_gridlike,
          hangedman_lair_caniforms_friends, serial_bayou_shore_a
Shoals:1: layout_shoals
Shoals:2: layout_shoals, uniq_roxanne, uniq_ilsuiw
Shoals:3: layout_shoals, serial_shops, shop
Shoals:4: shoals_end_simple, layout_shoals
Snake:1:  layout_gridlike, serial_bayou_shore_b
Snake:2:  layout_grid_shapes, drop_trap, nrook_guardian_serpent_ordinary,
          nicolae_triple_integral
Snake:3:  cheibrodos_snake_ritualist_ritual, layout_gridlike,
          serial_bayou_shore_b
Snake:4:  snake_pit_salamanders_mu, layout_layer_cave,
          hellmonk_ghost_happy_afterlife
Orc:1:    layout_diamond_mine, nicolae_orc_stony_grotto, mines3_lemuel
Orc:2:    st_orc_rangers, layout_caves, nicolae_orc_lava_room
Vaults:1: nicolae_vaults_closet_pinwheel_3, hangedman_vaults_stagger,
          nicolae_vaults_little_squares_5, v_alt_pattern_6,
          nicolae_vaults_little_squares_2, v_misc_27, nicolae_vaults_what_the_h,
          nicolae_vaults_alarming, v_misc_19, layout_vaults_ring, serial_shops,
          shop
Vaults:2: ontoclasm_vaults_gateway, nicolae_vaults_surprise_closet,
          minmay_crypt_entry_simple_sparse, vaults_mumra_hexcomb,
          nicolae_vaults_little_squares_1, nicolae_vaults_asterisk,
          gammafunk_sealed_library, v_misc_1,
          nicolae_vaults_offset_grid_hallway_4, nicolae_vaults_house_3,
          hangedman_vaults_stitches, hangedman_vaults_capsules,
          hangedman_vaults_snaps, nicolae_vaults_offset_grid_hallway_3,
          nicolae_vaults_trapezoid_2, layout_vaults_maze, uniq_donald,
          uniq_bai_suzhen, uniq_asterion, uniq_norris

Skill      XL: |  1  2  3  4  5  6  7  8  9 10 11 12 13 14 15 16 17 18 19 |
---------------+----------------------------------------------------------+-----
Short Blades   | 2 3 4 5 6 7 8 9 10 11 12 13 14 | 14.0
Dodging        | 1 2 3 4 5 6 7 8 9 10 11 | 11.9
Stealth        | 5 6 7 8 9 10 11 12 13 14 15 16 17 18 | 18.0
Fighting       | 2 3 4 5 6 7 8 9 10 11 12 13 | 13.0
Invocations    | 2 3 4 5 6 7 8 9 10 12 13 | 13.4
Armour         | 1 3 4 5 6 7 8 |  8.0
Evocations     | 2 3 4 6 7 9 10 11 | 11.5
Shields        | 3 5 6 7 |  7.9
Throwing       | |  1.7

Action                     |  1- 3 |  4- 6 |  7- 9 | 10-12 | 13-15 | 16-18 | 19-21 || total
---------------------------+-------+-------+-------+-------+-------+-------+-------++-------
  Melee: Dagger            |    19 |       |       |       |       |       |       ||    19
         Bite              |    19 |    30 |    77 |   123 |   540 |   678 |   165 ||  1632
         Short sword       |    62 |    80 |       |       |       |       |       ||   142
         Punch             |       |     3 |     3 |       |    11 |       |       ||    17
         Rapier            |       |    39 |   222 |   416 |  1196 |  1453 |   290 ||  3616
  Throw: Dart              |     4 |     3 |       |       |       |     1 |     2 ||    10
   Cast: Summon Forest     |       |       |       |       |     1 |     1 |       ||     2
         Death Channel     |       |       |       |       |     1 |     1 |     1 ||     3
         Summon Hydra      |       |       |       |       |     1 |     1 |     2 ||     4
         Lehudib's Crystal |       |       |       |       |       |     2 |       ||     2
         Maxwell's Capacit |       |       |       |       |       |     1 |     1 ||     2
         Arcjolt           |       |       |       |       |       |     1 |       ||     1
 Invoke: Channel Magic     |       |       |       |     1 |       |     5 |     2 ||     8
         Divine Exegesis   |       |       |       |       |     3 |     7 |     4 ||    14
Ability: Evoke Invisibilit |       |       |       |     3 |    11 |    10 |     2 ||    26
  Evoke: Wand              |       |       |       |     3 |     3 |    13 |       ||    19
         Tin of tremorston |       |       |       |       |       |     5 |       ||     5
         Lightning rod     |       |       |       |       |       |       |     3 ||     3
    Use: Scroll            |       |     2 |     8 |    10 |     9 |    19 |     1 ||    49
         Potion            |       |       |     2 |     2 |     1 |    11 |     1 ||    17
   Stab: Sleeping          |    11 |     7 |    16 |    57 |    62 |    58 |    21 ||   232
         Distracted        |       |     1 |     1 |     1 |     6 |     8 |     3 ||    20
         Invisible         |       |       |     3 |     3 |    86 |    43 |     6 ||   141
         Paralysed         |       |       |       |       |     2 |       |       ||     2
 Armour: Robe              |    29 |    36 |    34 |       |       |       |       ||    99
         Leather armour    |       |       |    42 |   112 |   234 |   411 |    59 ||   858
  Dodge: Dodged            |    35 |    45 |    78 |   174 |   587 |   626 |    84 ||  1629
  Block: Other             |     3 |    15 |    14 |     8 |    90 |       |       ||   130
         Orb               |       |       |    17 |    44 |       |       |       ||    61
         Reflection        |       |       |       |     3 |    15 |    52 |       ||    70
         Buckler           |       |       |       |       |   124 |   292 |       ||   416
         Kite shield       |       |       |       |       |       |   526 |   154 ||   680

Table legend: (Time is in decaauts)
 A = Elapsed time spent in this place.
 B = Non-inter-level travel time spent in this place.
 C = Inter-level travel time spent in this place.
 D = Time resting spent in this place.
 E = Time spent auto-exploring this place.
 F = Levels seen in this place.
 G = Mean time per level.
                   A        B        C        D        E       F      G
               +--------+--------+--------+--------+--------+-----+--------+
         Total |  31335 |  29025 |   2310 |   1128 |  21744 |  36 |  870.4 |
       Dungeon |  14774 |  13659 |   1115 |    319 |  11235 |  15 |  984.9 |
          Lair |   4008 |   3561 |    447 |     26 |   2548 |   5 |  801.6 |
        Shoals |   4093 |   3832 |    261 |    208 |   2632 |   4 | 1023.2 |
     Snake Pit |   4852 |   4635 |    217 |    575 |   2930 |   4 | 1213.0 |
  Orcish Mines |   1326 |   1216 |    110 |      0 |    899 |   2 |  663.0 |
        Vaults |   1167 |   1008 |    159 |      0 |    753 |   2 |  583.5 |
         Abyss |    202 |    202 |      0 |      0 |      0 |   3 |   67.3 |
        Bailey |    910 |    910 |      0 |      0 |    747 |   1 |  910.0 |
               +--------+--------+--------+--------+--------+-----+--------+

Top non-repeatable levels by time:
 Snake:4: 2196 daAuts
    D:11: 1757 daAuts
     D:9: 1660 daAuts
    D:10: 1600 daAuts
    D:12: 1402 daAuts
Shoals:2: 1187 daAuts
Vaults:1: 1105 daAuts
Shoals:3: 1103 daAuts
 Snake:3: 1049 daAuts
  Lair:2: 1043 daAuts
     D:6: 1024 daAuts
Shoals:4: 981 daAuts
  Lair:3: 928 daAuts
    D:13: 912 daAuts
  Bailey: 910 daAuts
